 Dungeon Crawl Stone Soup version 0.32-a0-673-g3729bd50f8 (webtiles) character file.

Game seed: 1465084827748081705

6979 ezpacito the Chopper (level 11, 0/84 HPs)
             Began as a Coglin Chaos Knight on Mar 10, 2024.
             Was a Plaything of Xom.
             Slain by an unseen horror (9 damage)
             ... on level 11 of the Dungeon.
             The game lasted 00:12:56 (8964 turns).

ezpacito the Chopper (Coglin Chaos Knight)          Turns: 8964, Time: 00:12:57

Health: 0/84       AC:  9    Str: 21    XL:     11   Next: 8%
Magic:  16/16      EV: 15    Int: 16    God:    Xom [.....*]
Gold:   3056       SH:  0    Dex: 16    Spells: 2/17 levels left

rFire   . . .        s - +5 rapier of Doubt {freeze, rF- Will+ Str+3 Int+5}
rCold   . . .        a - +0 hand axe (chaos) {Citlalmina}
rNeg    . . .        z - +1 leather armour of Istoret {Fly rF+ Dex+3}
rPois   +            (no helmet)
rElec   .            r - +2 cloak {rPois}
rCorr   .            c - +0 pair of gloves
SInv    .            (no boots)
Will    +....        (amulet unavailable)
Stlth   +++          (ring unavailable)
HPRegen 0.34/turn    (ring unavailable)
MPRegen 0.15/turn    (no gizmo)

%: random rage (3%)
@: on berserk cooldown, flying, hasted and slowed, revving
A: off-hand wielding, slow wielding, warmup strikes, no jewellery, berserk 1,
subdued magic 1
a: Invent Gizmo, Renounce Religion


You were on level 11 of the Dungeon.
You worshipped Xom.
You were Xom's teddy bear.
You visited 2 branches of the dungeon, and saw 12 of its levels.

You collected 3448 gold pieces.
You spent 392 gold pieces at shops.

Inventory:

Hand Weapons
 a - a +0 hand axe of chaos (offhand) {Citlalmina}
 j - the +6 broad axe of Destiny {venom, Int+4}
   (You acquired it on level 11 of the Dungeon)

   Int+4:     It affects your intelligence (+4).
 s - the +5 rapier of Doubt (weapon) {freeze, rF- Will+ Str+3 Int+5}
   (You found it on level 3 of the Dungeon)

   Str+3:     It affects your strength (+3).
   Int+5:     It affects your intelligence (+5).
   rF-:       It makes you vulnerable to fire.
   Will+:     It increases your willpower.
 x - a +3 spear
 C - a +1 hand axe of distortion
Missiles
 g - 48 poisoned darts (quivered)
Armour
 c - a +0 pair of gloves (worn)
 i - the +0 scale mail of Nirroreck {Int+2 Dex+4}
   (You bought it in a shop on level 8 of the Dungeon)

   Int+2:     It affects your intelligence (+2).
   Dex+4:     It affects your dexterity (+4).
 r - a +2 cloak of poison resistance (worn)
 y - a +0 plate armour
 z - the +1 leather armour of Istoret (worn) {Fly rF+ Dex+3}
   (You found it on level 5 of the Dungeon)

   Dex+3:     It affects your dexterity (+3).
   rF+:       It protects you from fire.
   Fly:       It grants you flight.
 I - a +0 pair of boots
Magical Staves
 b - a staff of earth
Talismans
 m - a beast talisman
 F - a flux talisman
Wands
 D - a wand of light (2)
 G - a wand of roots (7)
Scrolls
 d - a scroll of amnesia {unknown}
 f - 2 scrolls of immolation
 k - a scroll of enchant weapon {unknown}
 l - a scroll of poison {unknown}
 n - 2 scrolls of vulnerability
 p - 3 scrolls of fog
 t - 4 scrolls of teleportation
 u - 2 scrolls of revelation {unknown}
 v - a scroll of torment {unknown}
 w - 2 scrolls of silence {unknown}
 B - a scroll of blinking
 H - a scroll of fear {unknown}
Potions
 e - 2 potions of lignification
 h - a potion of haste
 o - 5 potions of mutation
 A - 2 potions of brilliance
 E - a potion of attraction
 J - 2 potions of degeneration {unknown}


   Skills:
 * Level 7.6 Fighting
 * Level 7.6(8.3) Axes
 + Level 4.5(6.4) Polearms
 * Level 6.6 Armour
 * Level 6.2 Dodging
 + Level 4.3 Stealth
 + Level 3.8 Spellcasting
 + Level 0.4 Necromancy
 + Level 0.5 Translocations
 + Level 3.6 Evocations


You had 2 spell levels left.
You knew the following spells:

 Your Spells              Type           Power      Damage    Failure   Level
a - Ensorcelled Hibernat  Hex/Ice        4%         N/A       26%         2
b - Blink                 Tloc           6%         N/A       21%         2
c - Fugue of the Fallen   Necr           3%         N/A       38%         3
d - Tukima's Dance        Hex            2%         N/A       47%         3
z - Iskenderun's Battles  Conj           2%         2d6       99%         5

Your spell library contained the following spells:

 Spells                   Type           Power      Damage    Failure   Level
 Lesser Beckoning         Tloc           6%         N/A       21%         2
 Momentum Strike          Conj/Tloc      6%         3d8       22%         2
 Dimensional Bullseye     Hex/Tloc       1%         N/A       83%         4
 Iskenderun's Mystic Bla  Conj/Tloc      3%         2d3       83%         4
 Anguish                  Hex/Necr       1%         N/A       85%         4
 Brom's Barrelling Bould  Conj/Erth      2%         2d3       87%         4
 Fireball                 Conj/Fire      1%         3d3       99%         5
 Conjure Ball Lightning   Conj/Air       1%         3x3d6     100%        6
 Orb of Destruction       Conj           1%         9d5       100%        7


Dungeon Overview and Level Annotations

Branches:
Dungeon (11/15)            Temple (1/1) D:7            Lair (0/5) D:9
    Orc (0/2) D:9

Altars:
Ashenzari
Cheibriados
Dithmenos
Elyvilon
Fedhas
Gozag
Hepliaklqana
Kikubaaqudgha
Makhleb
Nemelex Xobeh
Okawaru
Qazlal
Ru
Sif Muna
Trog
Uskayaw
Vehumet
Wu Jian
Xom
Yredelemnul
Zin
The Shining One

Shops:
D:8 *


Innate Abilities, Weirdness & Mutations

You can wield a second weapon in your off-hand.
It takes a long time for you to wield or remove held weapons.
Your first few attacks do less damage.
You cannot equip rings or amulets.
You sometimes lose your temper in combat.
Your spells are a little easier to cast, but a little less powerful.


Message History

You swing at nothing.
You hit something but do no damage.
A red film seems to cover your vision as you go berserk!
You feel yourself moving faster!
You feel mighty!
You miss something with the +5 rapier of Doubt.
Something hits you!
* * * LOW HITPOINT WARNING * * *
A gnoll sergeant comes into view. It is wielding a +0 flail.
You now have 29/126 hp.
You feel a strong urge to attack something.
Something hits you!
* * * LOW HITPOINT WARNING * * *
You take 7 damage, and have 23/126 hp.
You swing at nothing.
Something hits you but does no damage.
You swing at nothing.
You feel your anger nearly subside.
You swing at nothing.
You are no longer berserk.
You are exhausted.
You feel yourself slow down. Something hits you but does no damage.
Something hits you.
* * * LOW HITPOINT WARNING * * *
You now have 13/84 hp.
Okay, then.
Okay, then.
Aiming: Bolt of Light
Press: ? - help, Shift-Dir - straight line Something hits you.
* * * LOW HITPOINT WARNING * * *
You take 3 damage, and have 10/84 hp.
A gnoll comes into view. It is wielding a +0 club.
Something hits you but does no damage. Something hits you.
* * * LOW HITPOINT WARNING * * *
The gnoll moves out of view.
You take 3 damage, and have 7/84 hp.
Something hits you but does no damage. Something barely misses you.
There is a stone staircase leading up here.
Something hits you!
You die...

.# .#.# #
#..#..#.#
#..#..#.# #
#..#..#.####
#.##..........
..........#
##.###.#####
#...g......#
#.@##(.###.#
#..##..#
#..##..#
#..##..#
#.......
#.###.### #.
#.# #. ..


You could see a gnoll sergeant.

Vanquished Creatures
  Pikel (D:4)
  2 unseen horrors (D:10)
  A troll (D:8)
  Grinder (D:5)
  A hornet (D:10)
  Sigmund (D:6)
  A human (D:11)
  A steam dragon (D:10)
  A wyvern (D:8)
  Duvessa (D:6)
  3 water moccasins
  An orc warrior (D:5)
  A black bear (D:7)
  5 centaurs
  3 wolves
  A phantom (D:5)
  4 kobold brigands
  A bullfrog (D:8)
  A gnoll sergeant (D:7)
  4 wights (D:7)
  Dowan (D:6)
  15 killer bees
  An electric eel (D:9)
  5 howler monkeys
  A vampire bat (D:9)
  Crazy Yiuf (D:3)
  A bombardier beetle (D:6)
  9 hounds
  A jelly (D:7)
  4 orc priests
  2 gnoll boudas (D:5)
  2 sleepcaps (D:7)
  2 iguanas
  7 orc wizards
  13 gnolls
  13 adders
  2 white imps
  11 orcs
  A bat (D:1)
  4 bat skeletons (D:9)
  2 bat zombies (D:9)
  7 endoplasms
  6 goblins
  5 hobgoblins
  8 jackals
  2 quokkas
  3 ball pythons
  4 frilled lizards
  33 kobolds
  5 rats
206 creatures vanquished.

Vanquished Creatures (collateral kills)
  A shadow (D:10)
  A wraith (D:10)
  An orc warrior (D:10)
  2 laughing skulls (D:10)
  A kobold brigand (D:10)
  A howler monkey (D:10)
  An orc priest (D:10)
  An orc wizard (D:10)
  5 orcs (D:10)
  3 kobolds (D:10)
17 creatures vanquished.

Grand Total: 223 creatures vanquished

Notes
Turn   | Place    | Note
-------+----------+-------------------------------------------
     0 | D:1      | ezpacito the Coglin Chaos Knight began the quest for the
                  | Orb.
     0 | D:1      | Reached XP level 1. HP: 18/18 MP: 1/1
    69 | D:1      | Reached skill level 1 in Dodging
   136 | D:1      | XOM: silly message
   352 | D:1      | Reached XP level 2. HP: 24/24 MP: 2/2
   822 | D:2      | Reached XP level 3. HP: 25/29 MP: 3/3
   992 | D:2      | You fall into a shaft and drop 1 floor!
  1062 | D:3      | Found a runed translucent door.
  1063 | D:3      | Noticed Crazy Yiuf
  1193 | D:2      | Reached XP level 4. HP: 35/35 MP: 4/4
  1612 | D:3      | XOM: silly message
  1613 | D:3      | Found an ornate altar of the Wu Jian Council.
  1613 | D:3      | Found a stormy altar of Qazlal.
  1613 | D:3      | XOM: 1-stop teleportation journey
  1761 | D:3      | XOM: 1-stop teleportation journey
  1919 | D:3      | XOM: summons 2 hostile shadow creatures
  2074 | D:3      | Identified the +5 rapier of Doubt {freeze, rF- Will+ Str+3
                  | Int+5}
  2097 | D:3      | XOM: silly message
  2196 | D:3      | Killed Crazy Yiuf
  2197 | D:3      | Reached skill level 1 in Polearms
  2197 | D:3      | Reached XP level 5. HP: 17/41 MP: 5/5
  2424 | D:4      | Noticed a lemure
  2424 | D:4      | Noticed a lemure
  2425 | D:4      | Noticed Pikel
  2426 | D:4      | Noticed a lemure
  2427 | D:4      | Noticed a lemure
  2456 | D:4      | Killed Pikel
  2457 | D:4      | Reached skill level 1 in Stealth
  2457 | D:4      | Reached skill level 1 in Spellcasting
  2457 | D:4      | Reached XP level 6. HP: 18/49 MP: 5/8
  2457 | D:4      | Reached XP level 7. HP: 20/55 MP: 5/9
  2566 | D:4      | XOM: divination: magic mapping
  2581 | D:4      | XOM: silly message
  2957 | D:4      | Found a shimmering altar of Xom.
  2958 | D:4      | Found a hazy altar of Hepliaklqana.
  2959 | D:4      | Noticed a spectral ugly thing
  3128 | D:5      | Entered Level 5 of the Dungeon
  3133 | D:5      | Identified the +1 leather armour of Istoret {Fly rF+ Dex+3}
  3165 | D:5      | XOM: confuse monster(s)
  3168 | D:5      | Reached XP level 8. HP: 61/61 MP: 10/10
  3193 | D:5      | XOM: scenery: summon butterflies
  3332 | D:5      | XOM: scenery: summon butterflies
  3340 | D:5      | XOM: blink monster(s)
  3494 | D:5      | Noticed Grinder
  3508 | D:5      | Killed Grinder
  3509 | D:5      | Reached skill level 5 in Fighting
  3509 | D:5      | Reached skill level 5 in Axes
  3556 | D:5      | Learned a level 2 spell: Blink
  3559 | D:5      | Learned a level 2 spell: Ensorcelled Hibernation
  3563 | D:5      | Learned a level 3 spell: Fugue of the Fallen
  3567 | D:5      | Learned a level 3 spell: Tukima's Dance
  3815 | D:6      | XOM: summons 5 hostile demons
  3972 | D:6      | Found a shimmering blue altar of Sif Muna.
  4015 | D:6      | XOM: god gift: 839 gold pieces
  4075 | D:6      | Found a broken altar of Ashenzari.
  4121 | D:6      | Noticed Dowan
  4122 | D:6      | Noticed Duvessa
  4124 | D:6      | XOM: cleaving
  4127 | D:6      | Killed Dowan
  4128 | D:6      | Reached XP level 9. HP: 68/68 MP: 12/12
  4139 | D:6      | Killed Duvessa
  4381 | D:6      | XOM: confuse monster(s)
  4554 | D:6      | Noticed Sigmund
  4558 | D:6      | Killed Sigmund
  4559 | D:6      | Reached skill level 5 in Armour
  4760 | D:7      | Found a staircase to the Ecumenical Temple.
  4783 | Temple   | Entered the Ecumenical Temple
  4820 | D:7      | XOM: divination: detect creatures
  5090 | D:7      | XOM: potion effect (haste)
  5294 | D:7      | Reached skill level 5 in Dodging
  5901 | D:8      | Reached skill level 1 in Evocations
  5902 | D:8      | Reached XP level 10. HP: 40/77 MP: 14/14
  6063 | D:8      | Found a burning altar of Makhleb.
  6064 | D:8      | Noticed a blizzard demon
  6155 | D:8      | XOM: torment (18/77 hp)
  6292 | D:8      | Found an iron altar of Okawaru.
  6443 | D:8      | Found Amawn's Assorted Antiques.
  6446 | D:8      | Bought a slimy scale mail for 252 gold pieces
  6446 | D:8      | Identified the +0 scale mail of Nirroreck {Int+2 Dex+4}
                  | (You bought it in a shop on level 8 of the Dungeon)
  6446 | D:8      | Bought a potion of brilliance for 112 gold pieces
  6446 | D:8      | Bought a scroll labelled BEJOPTO TITAONN for 28 gold pieces
  6524 | D:8      | XOM: 3-stop teleportation journey
  6545 | D:8      | XOM: give mutations
  6545 | D:8      | Gained mutation: You sometimes lose your temper in combat.
                  | [Xom's mischief]
  6545 | D:8      | Gained mutation: Your spells are a little easier to cast,
                  | but a little less powerful. [Xom's mischief]
  6545 | D:8      | Gained mutation: Your magical capacity is low. (-10% MP)
                  | [Xom's mischief]
  6959 | D:8      | XOM: fog
  7208 | D:9      | XOM: summons 8 friendly demons
  7233 | D:8      | XOM: fog
  7325 | D:9      | XOM: scenery: 1 doors open
  7408 | D:9      | Found a staircase to the Lair.
  7521 | D:9      | Found a staircase to the Orcish Mines.
  7597 | D:9      | XOM: enchant monster (good)
  7866 | D:9      | Found an ancient bone altar of Kikubaaqudgha.
  7969 | D:10     | Entered Level 10 of the Dungeon
  8104 | D:10     | XOM: butterfly on damage
  8145 | D:10     | XOM: give mutation
  8145 | D:10     | Lost mutation: Your magical capacity is low. (-10% MP)
                  | [Xom's grace]
  8248 | D:10     | XOM: butterfly on damage
  8269 | D:10     | Killed an unseen horror
  8324 | D:10     | XOM: scenery: create altars
  8469 | D:10     | Learned a level 5 spell: Iskenderun's Battlesphere
  8478 | D:10     | Found a sparkling altar of Nemelex Xobeh.
  8488 | D:10     | Reached XP level 11. HP: 74/84 MP: 16/16
  8575 | D:10     | XOM: god gift: 885 gold pieces
  8640 | D:10     | XOM: cloud trail
  8917 | D:11     | Identified 2 scrolls of acquirement
  8917 | D:11     | Acquired 1042 gold pieces
  8939 | D:11     | Acquired the +6 broad axe of Destiny {venom, Int+4}
  8964 | D:11     | Slain by an unseen horror

Illustrated notes

Levels and vault maps discovered:
D:1:      minmay_arrival_radiant_lines, layout_loops_ring,
          lexackson_kobold_supper
D:2:      layout_loops_cross
D:3:      layout_loops_cross, gammafunk_temple_overflow_pools,
          uniq_crazy_yiuf_cottage
D:4:      layout_cave_pools, regret_index_temple_of_mockery, uniq_pikel
D:5:      layout_loops_ring, uniq_grinder
D:6:      layout_basic, mainiacjoe_overflow_cross_hatched,
          nicolae_ashenzari_panopticon, wad_floor_pattern_untrapped,
          uniq_sigmund, uniq_duvessa
D:7:      layout_basic, minmay_temple_entry_statues_pillars
D:8:      layout_basic, makhleb_altar_promises_db, okawaru_metal_pillars_1_2,
          serial_shops, kennysheep_mini
D:9:      layout_irregular_city, kennysheep_vampire_church, erik_lair_island,
          orc_0_dummy
D:10:     layout_rooms, mainiacjoe_overflow_six_doors_small, fungi_pond_lemuel
D:11:     layout_loops_ring, serial_shops, bzr_entry_customers,
          hangedman_abyss_or_decor_slice, introduction_to_nature_2
Temple:   minmay_temple_bridge_abc

Skill      XL: |  1  2  3  4  5  6  7  8  9 10 |
---------------+-------------------------------+-----
Dodging        | 1 2 3 4 5 6 |  6.2
Armour         | 2 3 4 5 6 |  6.6
Polearms       | 1 2 3 4 |  4.5
Fighting       | 4 5 6 7 |  7.6
Axes           | 4 5 6 7 |  7.6
Stealth        | 1 2 3 4 |  4.3
Spellcasting   | 1 2 3 |  3.8
Evocations     | 1 3 |  3.6
Necromancy     | |  0.4
Translocations | |  0.5

Action                     |  1- 3 |  4- 6 |  7- 9 | 10-12 || total
---------------------------+-------+-------+-------+-------++-------
  Melee: Dagger            |    84 |       |       |       ||    84
         Hand axe          |    95 |    31 |   198 |   143 ||   467
         Spear             |     3 |    21 |       |       ||    24
         Rapier            |       |    12 |   208 |   155 ||   375
  Evoke: Wand              |       |       |       |     4 ||     4
    Use: Potion            |     1 |     1 |     4 |     8 ||    14
         Scroll            |       |     1 |     9 |     7 ||    17
   Stab: Sleeping          |     1 |       |     4 |     4 ||     9
         Paralysed         |     3 |       |       |     1 ||     4
         Held in net/web   |       |       |     2 |       ||     2
         Confused          |       |       |     5 |     1 ||     6
         Invisible         |       |       |       |     1 ||     1
 Armour: Leather armour    |    46 |    25 |   173 |   213 ||   457
  Dodge: Dodged            |    59 |    18 |   208 |   203 ||   488

Table legend: (Time is in decaauts)
 A = Elapsed time spent in this place.
 B = Non-inter-level travel time spent in this place.
 C = Inter-level travel time spent in this place.
 D = Time resting spent in this place.
 E = Time spent auto-exploring this place.
 F = Levels seen in this place.
 G = Mean time per level.
                   A        B        C        D        E       F      G
               +--------+--------+--------+--------+--------+-----+--------+
         Total |   8994 |   8512 |    482 |    435 |   6574 |  12 |  749.5 |
       Dungeon |   8992 |   8511 |    481 |    435 |   6574 |  11 |  817.5 |
        Temple |      1 |      1 |      0 |      0 |      0 |   1 |    1.0 |
               +--------+--------+--------+--------+--------+-----+--------+

Top non-repeatable levels by time:
     D:8: 1364 daAuts
     D:7: 1100 daAuts
     D:3: 1036 daAuts
    D:10: 977 daAuts
     D:6: 927 daAuts
     D:9: 757 daAuts
     D:4: 724 daAuts
     D:2: 695 daAuts
     D:1: 687 daAuts
     D:5: 677 daAuts
    D:11: 44 daAuts
  Temple: 1 daAuts
